 Dungeon Crawl Stone Soup version 0.32-a0-931-g5a2cda0630 (webtiles) character file.

Game seed: 762602556653318906

11 croobank the Caller (level 2, -2/17 HPs)
             Began as an Octopode Summoner on Apr 13, 2024.
             Frozen to death by an endoplasm (5 damage)
             ... on level 1 of the Dungeon.
             The game lasted 00:00:46 (240 turns).

croobank the Caller (Octopode Summoner)              Turns: 240, Time: 00:00:46

Health: -2/17      AC:  1    Str:  7    XL:     2   Next: 25%
Magic:  2/5        EV: 12    Int: 17    God:
Gold:   9          SH:  0    Dex: 12    Spells: 2/5 levels left

rFire   . . .        b - +0 dagger
rCold   . . .        (no shield)
rNeg    . . .        (helmet restricted)
rPois   .            (no amulet)
rElec   .            (no ring)
rCorr   .            (no ring)
SInv    .            (no ring)
Will    .....        (no ring)
Stlth   +++          (no ring)
HPRegen 0.22/turn    (no ring)
MPRegen 0.09/turn    (no ring)
                     (no ring)

%: no passive effects
@: no status effects
A: almost no armour, amphibious, 8 rings, camouflage 1, gelatinous body 1,
(nimble swimmer 1), tentacles
a: no special abilities


You were on level 1 of the Dungeon.
You visited 1 branch of the dungeon, and saw 1 of its levels.

You collected 9 gold pieces.

Inventory:

Hand Weapons
 b - a +0 dagger (weapon)
Potions
 a - a potion of magic


   Skills:
 + Level 2.2 Dodging
 + Level 3.1 Stealth
 + Level 2.1 Spellcasting
 + Level 4.1 Summonings


You had 2 spell levels left.
You knew the following spells:

 Your Spells              Type           Power      Damage    Failure   Level
a - Summon Small Mammal   Summ           60%        N/A       3%          1
b - Call Imp              Summ           30%        N/A       5%          2

Your spell library contained the following spells:

 Spells                   Type           Power      Damage    Failure   Level
 Call Canine Familiar     Summ           15%        N/A       11%         3
 Summon Blazeheart Golem  Fire/Summ      8%         N/A       63%         4
 Summon Lightning Spire   Summ/Air       8%         N/A       63%         4


Dungeon Overview and Level Annotations

Branches:
Dungeon (1/15)

Altars:


Innate Abilities, Weirdness & Mutations

You cannot wear most types of armour.
You are amphibious.
You can wear up to eight rings at the same time.
Your skin changes colour to match your surroundings (Stealth+).
Your rubbery body absorbs attacks. (AC +1, EV +1)
((You are camouflaged when in or above water. (Stealth+)))
You have tentacles for arms and can constrict up to eight enemies at once.


Message History

Your cerulean imp disappears in a puff of smoke!
Found a stone staircase leading down.
A kobold, an endoplasm and a giant cockroach come into view.
The kobold shouts!
The endoplasm quivers.
You hear a shout!
The kobold completely misses you.
You barely miss the kobold. Your grab misses the kobold.
The kobold hits you with a +0 dagger.
You barely miss the kobold. You grab the kobold. You constrict the kobold.
A bat comes into view.
The kobold closely misses you.
You barely miss the kobold.
The kobold is severely wounded.
You constrict the kobold.
You kill the kobold!
The endoplasm closely misses you.
A kobold comes into view. It is wielding a +0 whip.
The giant cockroach attacks as it pursues you!
The giant cockroach misses you.
You see here a +0 dagger.
You tentacle-slap the kobold. Your grab misses the kobold.
Your squeeze misses the kobold.
The kobold is moderately wounded.
The giant cockroach bites you. The endoplasm freezes you.
You are frozen.
The kobold barely misses you.
b - a +0 dagger (weapon)
Casting: Call Imp (safe; 5% risk of failure)
Confirm with . or Enter, or press ? or * to list all spells.
A tiny devil pulls itself out of the air.
The giant cockroach barely misses you. The endoplasm hits you.
The kobold barely misses you. The giant cockroach barely misses you.
Casting: Call Imp (safe; 5% risk of failure)
Confirm with . or Enter, or press ? or * to list all spells.
The kobold hits you with a +0 whip.
* * * LOW HITPOINT WARNING * * *
The endoplasm freezes you.
You are frozen.
You die...

##.........# ..........#
.. #>........# ...
#.........# #..
#.........
.#...####.......
...........bb#
...###....5JB#
###...#.....#@#
..##.)......#K#
#.........#.#..
..........#.####
#........#.. .
....#........###.####..
.#.#..........# ...... #
#.............###... .#
#..##..)..##...##.####.##


You could see an endoplasm (ally target), a giant cockroach, a bat, a kobold, a
friendly cerulean imp (summoned) and a friendly bat (summoned).

Vanquished Creatures
  A frilled lizard (D:1)
  A kobold (D:1)
2 creatures vanquished.

Vanquished Creatures (collateral kills)
  A dart slug (D:1)
  A ball python (D:1)
  An endoplasm (D:1)
  2 goblins (D:1)
  A hobgoblin (D:1)
6 creatures vanquished.

Grand Total: 8 creatures vanquished

Notes
Turn   | Place    | Note
-------+----------+-------------------------------------------
     0 | D:1      | croobank the Octopode Summoner began the quest for the Orb.
     0 | D:1      | Reached XP level 1. HP: 11/11 MP: 3/3
   139 | D:1      | Reached XP level 2. HP: 17/17 MP: 1/5
   145 | D:1      | Learned a level 2 spell: Call Imp
   240 | D:1      | Frozen to death by an endoplasm

Illustrated notes

Levels and vault maps discovered:
D:1:      ncdulo_smallfort, layout_rooms, basic_ecumenical_altar, st_stairs_8,
          minmay_heptomino_l4

Skill      XL: |  1 |
---------------+----+-----
Stealth        | 3 |  3.1
Dodging        | |  2.2
Spellcasting   | |  2.1
Summonings     | |  4.1

Action                     || total
---------------------------++-------
  Melee: Unarmed           ||     5
         Constrict         ||     2
         Tentacles         ||     1
   Cast: Summon Small Mamm ||    11
         Call Imp          ||     2
 Armour: Skin              ||     5
  Dodge: Dodged            ||     8

Table legend: (Time is in decaauts)
 A = Elapsed time spent in this place.
 B = Non-inter-level travel time spent in this place.
 C = Inter-level travel time spent in this place.
 D = Time resting spent in this place.
 E = Time spent auto-exploring this place.
 F = Levels seen in this place.
 G = Mean time per level.
                   A        B        C        D        E       F      G
               +--------+--------+--------+--------+--------+-----+--------+
         Total |    239 |    239 |      0 |      0 |    172 |   1 |  239.0 |
       Dungeon |    239 |    239 |      0 |      0 |    172 |   1 |  239.0 |
               +--------+--------+--------+--------+--------+-----+--------+

Top non-repeatable levels by time:
     D:1: 239 daAuts
